[Event "CCT Airthings Masters Play-In 2023"]
[Site "Online"]
[Date "2023.02.03"]
[Round "1"]
[White "Grandelius, Nils"]
[Black "Dedic8"]
[Result "*"]
[ECO "C64"]
[WhiteElo "2660"]
[BlackElo "2447"]
[Annotator "TA"]
[PlyCount "41"]
[EventDate "2023.02.03"]
[EventType "swiss"]
[EventCountry "NET"]
[SourceTitle "playchess.com"]
[Source "ChessBase"]
[SourceQuality "1"]
[TimeControl "600+2"]

1. e4 e5 2. Nf3 Nc6 3. Bb5 a6 4. Ba4 Bc5 5. c3 Nge7 6. O-O Ba7 {[%emt 0:00:02] C64: Ruy Lopez: Classical Defence (3...Bc5) except 4 0-0 Nf6.} 7. d4 Ng6 8. Bg5 f6 {[%emt 0:00:01] White is slightly better.} 9. Be3 O-O 10. Nbd2 {[%emt 0:00:04] 10.Nbd2 is better than 10.d5.} d6 11. Re1 Kh8 12. h3 Bd7 13. Bc2 {[%emt 0:00:09] [#]} f5 $146 ({Predecessor:} 13... a5 14. Nf1 exd4 15. cxd4 d5 16. exd5 Nb4 17. Bb3 Bb5 18. Ng3 Nxd5 19. Rc1 Ndf4 {1-0 Oparin,G (2685)-Bjelobrk,I (2395) Titled Tuesday intern op 21st Jun Late blitz 2022 (2)}) 14. exf5 Bxf5 15. Bxf5 Rxf5 16. Ne4 h6 17. Ng3 Rf8 18. dxe5 {[%emt 0:00:21] [#] Threatens to win with Bxa7.} Bxe3 19. Rxe3 {[%emt 0:00:08] next exd6 is good for White.} Ncxe5 20. Nd4 Qd7 {[%emt 0:00:19] Repels Ne6} (20... Qf6 $5 21. Qc2 Nf4 $11) 21. Qc2 {[%emt 0:01:45] Weighted Error Value: White=0.05 (flawless) /Black=0.05 (flawless)} *

[Event "CCT Airthings Masters Play-In 2023"]
[Site "Online"]
[Date "2023.02.03"]
[Round "1"]
[White "TheCount"]
[Black "Harsha_Bharathakoti"]
[Result "1-0"]
[ECO "B40"]
[WhiteElo "2659"]
[BlackElo "2523"]
[Annotator "TA"]
[PlyCount "45"]
[EventDate "2023.02.03"]
[EventType "swiss"]
[EventCountry "NET"]
[SourceTitle "playchess.com"]
[Source "ChessBase"]
[SourceQuality "1"]
[TimeControl "600+2"]

1. e4 c5 2. Nf3 e6 3. b3 a6 4. Bb2 Nc6 5. c4 Nf6 6. e5 {[%emt 0:00:10] B40: Sicilian: 2...e6, Unusual lines.} Ng4 7. h3 Nh6 8. Be2 $5 {[%emt 0:01:23][%mdl 4] The position is equal. An interesting side line.} Nf5 9. O-O {[%emt 0:00:03] [#]} Be7 $146 ({Predecessor:} 9... d6 10. exd6 Bxd6 11. Bd3 Nfd4 12. Nxd4 cxd4 13. Be4 e5 14. Re1 O-O 15. c5 Bxc5 16. Bxc6 bxc6 17. Rxe5 {0-1 Enersen,E (1911)-Gajewski,G (2630) Oslo op Fornebu 2017 (1)}) 10. Nc3 (10. Bd3 $11) 10... O-O (10... d6 $1 $15) 11. Ne4 ({Better is} 11. Bd3 $1 $11) 11... b6 12. Re1 Bb7 13. Bd3 f6 14. exf6 gxf6 15. Ng3 Nxg3 16. fxg3 f5 {[%emt 0:00:00] Wards off Be4} 17. g4 fxg4 (17... Bf6 $11 {keeps the balance.} 18. Bc3 (18. Bxf6 Qxf6 19. gxf5 exf5 $15) 18... fxg4 19. hxg4 Qe7) 18. Ne5 $16 {[%emt 0:00:12] White is more active.} Nxe5 {[%emt 0:02:04] Loses the game.} (18... Bh4 $16) 19. Rxe5 $18 ({Inferior is} 19. Bxe5 h5 $11) 19... Rf4 {[%emt 0:00:01] [#] ...Bh4 is the strong threat.} 20. Bxh7+ $1 {[%emt 0:00:25][%mdl 64] Decoy} Kxh7 $2 (20... Kf8) 21. Qc2+ ({Wrong is} 21. Rh5+ $2 Kg6 22. hxg4 Bf6 $19) 21... Kg7 22. Rg5+ {[%emt 0:00:09][%mdl 64] Discovered Attack (Double check), Double Attack} (22. Rxc5+ $2 {too greedy.} Bf6 23. Rg5+ Kf8 24. Rxg4 Rxg4 25. hxg4 Bxb2 26. Rf1+ Ke7 27. Qxb2 Qh8 28. Qxh8 Rxh8 $19) 22... Kf8 {[%emt 0:00:01] [#]} 23. Rg8+ $3 {[%emt 0:00:03][%mdl 576] Skewer, Decoy. An entertaining game by TheCount.   Weighted Error Value: White=0.14 (very precise) /Black=0.83} 1-0

[Event "CCT Airthings Masters Play-In 2023"]
[Site "Online"]
[Date "2023.02.03"]
[Round "1"]
[White "Duhless"]
[Black "SergeiAza"]
[Result "*"]
[ECO "E17"]
[WhiteElo "2655"]
[BlackElo "2521"]
[Annotator "TA"]
[PlyCount "30"]
[EventDate "2023.02.03"]
[EventType "swiss"]
[EventCountry "NET"]
[SourceTitle "playchess.com"]
[Source "ChessBase"]
[SourceQuality "1"]
[TimeControl "600+2"]

1. d4 Nf6 2. Nf3 b6 3. g3 Bb7 4. c4 e6 5. Bg2 Be7 6. O-O O-O 7. d5 exd5 8. Nd4 Bc6 9. cxd5 {[%emt 0:00:03] E17: Queen's Indian: 4 g3 Bb7 5 Bg2 Be7.} Bxd5 10. Bxd5 ({Much worse is} 10. Nc3 Bxg2 11. Kxg2 c5 $17) 10... Nxd5 11. e4 {[%emt 0:00:02] The position is equal.} (11. Nf5 $5 Nf6 12. Nc3 $11) 11... c5 12. Nf5 (12. exd5 $5 cxd4 13. Qxd4 $11) 12... Nc7 {[%emt 0:00:03] [#]} 13. Nc3 $146 ({Predecessor:} 13. Qg4 Ne6 14. Nc3 Nc6 15. Nd5 Bf6 16. f4 Bd4+ 17. Be3 Bxe3+ {½-½ Sosonko,G (2545)-Geller,E (2565) Las Palmas-09 1980 (2)}) 13... Nc6 14. Bf4 Ne6 15. Nd5 Bf6 {[%emt 0:01:06] Weighted Error Value: White=0.09 (flawless) /Black=0.02 (flawless)} *

[Event "CCT Airthings Masters Play-In 2023"]
[Site "Online"]
[Date "2023.02.03"]
[Round "1"]
[White "LiemLe"]
[Black "Igrok"]
[Result "*"]
[ECO "D02"]
[WhiteElo "2652"]
[BlackElo "2512"]
[Annotator "TA"]
[PlyCount "44"]
[EventDate "2023.02.03"]
[EventType "swiss"]
[EventCountry "NET"]
[SourceTitle "playchess.com"]
[Source "ChessBase"]
[SourceQuality "1"]
[TimeControl "600+2"]

1. d4 d5 2. Nf3 Nf6 3. Bf4 c5 4. e3 e6 5. c3 Bd6 6. Nbd2 {[%emt 0:00:03] D02: 1 d4 d5 2 Nf3 sidelines, including 2...Nf6 3 g3 and 2...Nf6 3 Bf4.} Bxf4 7. exf4 O-O 8. Bd3 {[%emt 0:00:26] The position is equal.} b6 9. Qe2 a5 10. O-O Ba6 {[%emt 0:00:06] [#]} 11. Rac1 $146 ({Predecessor:} 11. Bxa6 Nxa6 12. Ne5 Qd6 13. h4 cxd4 14. cxd4 Rfc8 15. Rfc1 Nb4 16. Ndf3 Nc6 17. Qb5 {½-½ Aronian,L (2781)-Caruana,F (2820) Paris GCT Blitz 2021 (7)}) 11... Bxd3 12. Qxd3 Nc6 13. Rfe1 Qc7 14. f5 exf5 15. Qxf5 Rfe8 16. dxc5 bxc5 17. c4 Rxe1+ (17... Ne7 $142 18. Qe5 Qb6) 18. Rxe1 $11 Qc8 19. Qxc8+ Rxc8 20. cxd5 Nxd5 21. Nc4 Kf8 22. Rd1 {[%emt 0:00:11] White is more active.} Nf4 {[%emt 0:00:31] Weighted Error Value: White=0.09 (flawless) /Black=0.14 (very precise)} *

[Event "CCT Airthings Masters Play-In 2023"]
[Site "Online"]
[Date "2023.02.03"]
[Round "1"]
[White "Jospem"]
[Black "Alexandr_Predke"]
[Result "*"]
[ECO "B22"]
[WhiteElo "2646"]
[BlackElo "2494"]
[Annotator "TA"]
[PlyCount "38"]
[EventDate "2023.02.03"]
[EventType "swiss"]
[EventCountry "NET"]
[SourceTitle "playchess.com"]
[Source "ChessBase"]
[SourceQuality "1"]
[TimeControl "600+2"]

1. e4 c5 2. Nf3 e6 3. c3 d5 4. exd5 Qxd5 5. d4 Nf6 6. Be3 cxd4 7. cxd4 Bb4+ {[%emt 0:00:28] The position is equal.} 8. Nc3 {[%emt 0:00:03] B22: Sicilian: 2 c3.} Qa5 9. Qb3 O-O 10. Be2 b6 11. Ne5 Ba6 {[%emt 0:00:41] [#] Not much happened in this game.   Weighted Error Value: White=0.00 (flawless) /Black=0.00 (flawless)} {Predecessor:} 12. Bxa6 $146 Bxc3+ 13. bxc3 Qxa6 14. c4 Rc8 15. O-O Nc6 16. Rfd1 Rc7 17. Bf4 Nxe5 18. Bxe5 Rxc4 19. Bxf6 gxf6 {½-½ Radjabov,T (2761)-Ivanchuk,V (2779) Amber-rapid 18th 2009 (10)} *

[Event "CCT Airthings Masters Play-In 2023"]
[Site "Online"]
[Date "2023.02.03"]
[Round "1"]
[White "crescentmoon"]
[Black "starworld123"]
[Result "*"]
[ECO "E21"]
[WhiteElo "2637"]
[BlackElo "2485"]
[Annotator "NA"]
[PlyCount "32"]
[EventDate "2023.02.03"]
[EventType "swiss"]
[EventCountry "NET"]
[SourceTitle "playchess.com"]
[Source "ChessBase"]
[SourceQuality "1"]
[TimeControl "600+2"]

1. d4 Nf6 2. c4 e6 3. Nc3 Bb4 4. e3 O-O 5. Bd2 b6 6. Bd3 Bb7 7. Nf3 d6 8. Qc2 Nbd7 9. a3 Bxc3 10. Bxc3 Qe7 11. e4 e5 12. d5 Nc5 13. O-O Nh5 14. Rfe1 Nxd3 15. Qxd3 Bc8 16. Qe3 f5 *

[Event "CCT Airthings Masters Play-In 2023"]
[Site "Online"]
[Date "2023.02.03"]
[Round "1"]
[White "Durarbayli, Vasif"]
[Black "cassoulet"]
[Result "*"]
[ECO "B60"]
[WhiteElo "2635"]
[BlackElo "2101"]
[Annotator "TA"]
[PlyCount "45"]
[EventDate "2023.02.03"]
[EventType "swiss"]
[EventCountry "NET"]
[SourceTitle "playchess.com"]
[Source "ChessBase"]
[SourceQuality "1"]
[TimeControl "600+2"]

1. e4 c5 2. Nf3 d6 3. d4 cxd4 4. Nxd4 Nf6 5. Nc3 Nc6 6. Bg5 e6 7. Qd2 Qb6 8. Bxf6 gxf6 9. Nb3 a6 10. O-O-O Bd7 11. Kb1 O-O-O {[%emt 0:00:01] B60: Sicilian: Richter-Rauzer: Unusual Black 6th moves and 6...Bd7 without 7 Qd2.} 12. f4 h5 13. Be2 h4 {[%emt 0:00:02] White has an edge.} 14. Rhf1 Kb8 15. Bg4 Be7 16. Bh3 Na5 {[%emt 0:00:13] [#]} 17. f5 $146 ({Predecessor:} 17. Qd3 Nxb3 18. axb3 Qc5 19. Rfe1 Rhg8 20. Qd2 Bf8 21. Rf1 Rh8 22. Qd3 {1-0 Blehm,P (2400)-Kempinski,R (2530) POL-chT 53rd 1997 (5)}) 17... Nc4 18. Qf2 Qb4 (18... Qc7 $11 {keeps the balance.}) 19. fxe6 fxe6 20. Rd3 (20. Rd4 $16) 20... Rc8 (20... Ne5 $11) 21. a3 $16 {[%emt 0:00:49] White is better.} Qb6 22. Qxb6 Nxb6 23. Nd4 {[%emt 0:00:01] Weighted Error Value: White=0.12 (very precise) /Black=0.27 (precise)} *

[Event "CCT Airthings Masters Play-In 2023"]
[Site "Online"]
[Date "2023.02.03"]
[Round "1"]
[White "chessintuit"]
[Black "OK97"]
[Result "*"]
[ECO "B68"]
[WhiteElo "2635"]
[BlackElo "2477"]
[Annotator "NA"]
[PlyCount "33"]
[EventDate "2023.02.03"]
[EventType "swiss"]
[EventCountry "NET"]
[SourceTitle "playchess.com"]
[Source "ChessBase"]
[SourceQuality "1"]
[TimeControl "600+2"]

1. e4 c5 2. Nf3 d6 3. d4 cxd4 4. Nxd4 Nf6 5. Nc3 Nc6 6. Bg5 e6 7. Qd2 a6 8. O-O-O Bd7 9. f4 Be7 10. Nf3 b5 11. e5 b4 12. exf6 bxc3 13. Qxc3 gxf6 14. Bh6 d5 15. f5 e5 16. Rxd5 Nb4 17. Bc4 *

[Event "CCT Airthings Masters Play-In 2023"]
[Site "Online"]
[Date "2023.02.03"]
[Round "1"]
[White "wonderfultime"]
[Black "MikaelyanArman"]
[Result "1-0"]
[ECO "D02"]
[WhiteElo "2635"]
[BlackElo "2467"]
[Annotator "TA"]
[PlyCount "79"]
[EventDate "2023.02.03"]
[EventType "swiss"]
[EventCountry "NET"]
[SourceTitle "playchess.com"]
[Source "ChessBase"]
[SourceQuality "1"]
[TimeControl "600+2"]

1. d4 d5 2. Nf3 Nf6 3. Bf4 c5 4. c3 e6 5. e3 Bd6 6. Nbd2 {[%emt 0:00:01] D02: 1 d4 d5 2 Nf3 sidelines, including 2...Nf6 3 g3 and 2...Nf6 3 Bf4.} O-O {[%emt 0:00:19] The main line 6...0-0 scores better than 6...Qc7.} 7. Bd3 Bxf4 8. exf4 {[%emt 0:00:02] The position is equal.} b6 9. Qe2 a5 10. O-O Ba6 11. Bxa6 Nxa6 12. Rfe1 Qd6 13. g3 {[%emt 0:00:03] [#]} cxd4 $146 ({Predecessor:} 13... Nb8 14. Ne5 cxd4 15. cxd4 Nc6 16. Ndf3 Rfc8 17. Rac1 h6 18. Qb5 Ne7 19. a3 Rc7 20. Rxc7 Qxc7 21. Qe2 {½-½ Sadhwani,R (2545)-Demchenko,A (2641) PNWCC Online blitz JP 18th 2020 (8)}) 14. Nxd4 Rfe8 15. Rad1 Nc5 16. Nf1 Nfe4 17. Ne3 a4 18. a3 h6 19. c4 {[%emt 0:00:05] aiming for cxd5.} dxc4 {[%emt 0:00:49] White now steadily converts the win.} 20. Nxc4 Qc7 {[%emt 0:00:09] [#]} 21. Nb5 $1 Qe7 22. Rd4 (22. Nxb6 $6 Rab8 $11) 22... Nf6 23. Nxb6 {[%emt 0:00:09] White is more active.} Rad8 {[%emt 0:00:24] [#] ...Rxd4 is the strong threat.} 24. Red1 (24. Nxa4 $2 Rxd4 25. Nxd4 Nxa4 $19) 24... Rxd4 25. Rxd4 (25. Nxd4 $6 Qb7 26. Nc4 Rd8 $16) 25... e5 (25... Rd8 $142) 26. fxe5 $18 Qxe5 27. Qxe5 Rxe5 28. Nc3 {[%emt 0:00:03] Inhibits Re2.} ({Stronger than} 28. Nxa4 Nxa4 29. Rxa4 Rxb5 $17) 28... Nb3 29. Rd8+ Kh7 30. Nbxa4 ({But not} 30. Ncxa4 $6 Re1+ 31. Kg2 Ne4 $18) 30... h5 31. h3 g5 32. Nb6 Re1+ 33. Kg2 g4 34. hxg4 hxg4 35. Nbd5 Nxd5 36. Nxd5 ({Much less strong is} 36. Rxd5 Kg6 37. Nd1 Re4 $18) 36... Kg7 37. Ne3 {[%emt 0:00:03] Against Rd1} Re2 38. Nxg4 Rxb2 $2 (38... Re1 39. Ne3 Rb1) 39. Rb8 Rb1 40. a4 {[%emt 0:00:03] Weighted Error Value: White=0.04 (flawless) /Black=0.18 (very precise)} 1-0

[Event "CCT Airthings Masters Play-In 2023"]
[Site "Online"]
[Date "2023.02.03"]
[Round "1"]
[White "vladislavkovalev"]
[Black "GM_dmitrij"]
[Result "*"]
[ECO "C78"]
[WhiteElo "2632"]
[BlackElo "2463"]
[Annotator "TA"]
[PlyCount "33"]
[EventDate "2023.02.03"]
[EventType "swiss"]
[EventCountry "NET"]
[SourceTitle "playchess.com"]
[Source "ChessBase"]
[SourceQuality "1"]
[TimeControl "600+2"]

1. e4 e5 2. Nf3 Nc6 3. Bb5 a6 4. Ba4 Nf6 5. d3 Bc5 6. O-O b5 7. Bb3 d6 8. h3 {[%emt 0:00:02] Recently 8.a4 got a lot of attention.} Na5 {[%emt 0:00:06] C78: Ruy Lopez: Archangelsk and Möller Defences.} 9. Be3 Bxe3 10. fxe3 O-O 11. c3 Nxb3 12. axb3 {[%emt 0:00:00] [#]} c5 $146 ({Predecessor:} 12... Qe7 13. Nbd2 Bb7 14. Qe2 c5 15. Qf2 h6 16. Nh4 Bc8 17. Ra5 Ra7 18. Nf5 Bxf5 19. Qxf5 {1-0 Karas,N (2172)-Ryaboy,V (1781) San Francisco TNM Marathon op 2012 (6)}) 13. c4 Rb8 14. Rf2 Rb6 15. Nc3 {[%emt 0:00:04] The position is equal.} Be6 16. Qd2 Qe7 17. Nd5 {[%emt 0:01:33] Weighted Error Value: White=0.12 (very precise) /Black=0.08 (flawless)} *

[Event "CCT Airthings Masters Play-In 2023"]
[Site "Online"]
[Date "2023.02.03"]
[Round "1"]
[White "OparinGrigoriy"]
[Black "Panjwani, Raja"]
[Result "*"]
[ECO "E06"]
[WhiteElo "2618"]
[BlackElo "2485"]
[Annotator "TA"]
[PlyCount "48"]
[EventDate "2023.02.03"]
[EventType "swiss"]
[EventCountry "NET"]
[SourceTitle "playchess.com"]
[Source "ChessBase"]
[SourceQuality "1"]
[TimeControl "600+2"]

1. d4 Nf6 2. Nf3 e6 3. c4 d5 4. g3 Be7 5. Bg2 O-O 6. Qc2 c5 7. dxc5 Qa5+ 8. Nc3 Qxc5 {[%emt 0:00:37] E06: Closed Catalan: Early deviations.} ({Black should try} 8... dxc4 $11 9. O-O Nc6) 9. cxd5 $14 Nxd5 10. Bd2 Bf6 {[%emt 0:00:13] White has an edge.} 11. Rc1 {[%emt 0:00:05] [#] And now Nxd5 would win.} Nxc3 12. Bxc3 Bxc3+ 13. Qxc3 Qxc3+ 14. Rxc3 Nc6 {[%emt 0:00:02] Inhibits Ne5.} 15. Ng5 Bd7 16. Ne4 {[%emt 0:00:05] [#]} Nb4 $146 (16... Rfd8 $14) ({Predecessor:} 16... Rfd8 17. Nc5 Rab8 18. Nxd7 Rxd7 19. Bxc6 bxc6 20. Rc2 a5 21. f3 Rdb7 22. b3 a4 23. Kf2 {½-½ Belov,V (2587)-Jakovenko,D (2710) FIDE World Cup 2007 (2.1)}) 17. Nc5 $16 Bc6 18. Bxc6 Nxc6 19. Nxb7 {[%emt 0:00:10] White is more active.} Nb4 {[%emt 0:00:01][%cal Oa8b8] [#]} 20. a3 $1 Rab8 21. Nc5 Nc6 22. Nd3 Nd4 23. Kd2 ({Better is} 23. e3 Nb5 24. Rc1) 23... e5 24. f3 ({Reject} 24. Nxe5 $6 Rxb2+ 25. Ke3 Rxe2+ 26. Kxd4 Rd8+ 27. Kc4 Rxe5 $11) 24... Rfe8 {[%emt 0:00:11] Weighted Error Value: White=0.06 (flawless) /Black=0.19 (very precise)} *

[Event "CCT Airthings Masters Play-In 2023"]
[Site "Online"]
[Date "2023.02.03"]
[Round "1"]
[White "chesspanda123"]
[Black "Aygehovit"]
[Result "*"]
[ECO "B04"]
[WhiteElo "2613"]
[BlackElo "2439"]
[Annotator "NA"]
[PlyCount "30"]
[EventDate "2023.02.03"]
[EventType "swiss"]
[EventCountry "NET"]
[SourceTitle "playchess.com"]
[Source "ChessBase"]
[SourceQuality "1"]
[TimeControl "600+2"]

1. e4 d6 2. d4 g6 3. Nf3 Bg7 4. Bc4 Nf6 5. Qe2 c6 6. e5 Nd5 7. h3 O-O 8. O-O Be6 9. Nbd2 Nd7 10. Re1 b5 11. Bb3 a5 12. a4 Qb6 13. Ne4 dxe5 14. dxe5 Nc5 15. Nxc5 Qxc5 *

[Event "CCT Airthings Masters Play-In 2023"]
[Site "Online"]
[Date "2023.02.03"]
[Round "1"]
[White "BilodeauA"]
[Black "Fier, Alexandr"]
[Result "*"]
[ECO "B89"]
[WhiteElo "2609"]
[BlackElo "2606"]
[Annotator "TA"]
[PlyCount "40"]
[EventDate "2023.02.03"]
[EventType "swiss"]
[EventCountry "NET"]
[SourceTitle "playchess.com"]
[Source "ChessBase"]
[SourceQuality "1"]
[TimeControl "600+2"]

1. e4 c5 2. Nf3 d6 3. d4 cxd4 4. Nxd4 Nf6 5. Nc3 Nc6 6. Bc4 e6 7. Be3 a6 8. Qe2 Bd7 9. Bb3 b5 {[%emt 0:00:01] 9...b5 is better than 9...Be7. B89: Sicilian: Velimirovic Attack.} 10. O-O Be7 11. a3 O-O {[%emt 0:00:04] The position is equal.} 12. Rad1 Qc7 {[%emt 0:00:03] [#]} 13. Kh1 $146 ({Predecessor:} 13. f4 Na5 14. h3 Nxb3 15. cxb3 Rac8 16. b4 Bc6 17. Rc1 Qb7 18. Nxc6 Rxc6 19. Rce1 {1-0 Vera Irala,C (1795)-Cardoso,L (1341) Florianopolis op 8th 2022 (6)}) 13... Na5 14. Ba2 Rac8 15. f4 Nc4 16. Bc1 Qb8 17. Rd3 Rfe8 18. Rg3 Bf8 {[%emt 0:00:04] [#]} (18... Qb6 $11 19. Rd1 e5 20. fxe5 dxe5) 19. e5 $1 $16 {[%emt 0:00:32][%mdl 512] White is more active.} Nd5 {[%emt 0:00:44] [#]} 20. Nf5 $2 g6 {[%emt 0:00:30] Weighted Error Value: White=0.29 (precise) /Black=0.25 (precise)} ({Much less strong is} 20... Nxc3 21. Nh6+ Kh8 22. Nxf7+ Kg8 23. Nh6+ Kh8 24. Nf7+ Kg8 25. Nh6+ Kh8 26. bxc3 $16 (26. Nf7+ Kg8 $16)) *

[Event "CCT Airthings Masters Play-In 2023"]
[Site "Online"]
[Date "2023.02.03"]
[Round "1"]
[White "Shield12"]
[Black "Azeryahu"]
[Result "*"]
[ECO "C70"]
[WhiteElo "2604"]
[BlackElo "2423"]
[Annotator "NA"]
[PlyCount "33"]
[EventDate "2023.02.03"]
[EventType "swiss"]
[EventCountry "NET"]
[SourceTitle "playchess.com"]
[Source "ChessBase"]
[SourceQuality "1"]
[TimeControl "600+2"]

1. e4 e5 2. Nf3 Nc6 3. Bb5 a6 4. Ba4 Nge7 5. d4 exd4 6. Nxd4 Nxd4 7. Qxd4 Nc6 8. Qd3 Bc5 9. O-O O-O 10. Nc3 d6 11. Bxc6 bxc6 12. Be3 Bxe3 13. Qxe3 Re8 14. Rad1 Qe7 15. Rfe1 Be6 16. h3 f6 17. Qd4 *

[Event "CCT Airthings Masters Play-In 2023"]
[Site "Online"]
[Date "2023.02.03"]
[Round "1"]
[White "TigrVShlyape"]
[Black "Flores, Diego"]
[Result "*"]
[ECO "A48"]
[WhiteElo "2602"]
[BlackElo "2532"]
[Annotator "TA"]
[PlyCount "51"]
[EventDate "2023.02.03"]
[EventType "swiss"]
[EventCountry "NET"]
[SourceTitle "playchess.com"]
[Source "ChessBase"]
[SourceQuality "1"]
[TimeControl "600+2"]

1. d4 Nf6 2. Bf4 g6 3. c3 Bg7 4. Nf3 b6 5. h3 Bb7 6. Nbd2 {[%emt 0:00:01] A48: 1 d4 Nf6 2 Nf3 g6: Torre, London and Colle Systems.} d6 7. e3 Nbd7 8. a4 a5 9. Bb5 O-O 10. O-O Ne4 11. Nxe4 Bxe4 {[%emt 0:00:00] [#]} 12. Re1 $146 ({Predecessor:} 12. Bh2 Bb7 13. Re1 Nf6 14. Bd3 Ne4 15. Qc2 f5 16. b4 e6 17. Qb3 Qd7 18. Bc4 {1-0 Kamsky,G (2674)-Albornoz Cabrera,C (2573) Titled Tuesday intern op 26th May blitz 2020 (6)}) 12... h6 13. Nd2 Bb7 14. e4 e5 15. Be3 Nf6 16. dxe5 dxe5 17. f3 Qe7 {[%emt 0:00:13] The position is equal.} 18. Qc2 Nh5 19. Rad1 Nf4 20. Nf1 Rad8 {[%emt 0:00:13] Against Rd7} 21. Kh2 h5 22. Rxd8 Rxd8 23. Rd1 Ne6 24. Rxd8+ Qxd8 25. Qd2 Qxd2 26. Nxd2 {[%emt 0:00:02] Weighted Error Value: White=0.05 (flawless) /Black=0.04 (flawless)} *

[Event "CCT Airthings Masters Play-In 2023"]
[Site "Online"]
[Date "2023.02.03"]
[Round "1"]
[White "vi_pranav"]
[Black "adotand"]
[Result "*"]
[ECO "C78"]
[WhiteElo "2600"]
[BlackElo "2376"]
[Annotator "TA"]
[PlyCount "34"]
[EventDate "2023.02.03"]
[EventType "swiss"]
[EventCountry "NET"]
[SourceTitle "playchess.com"]
[Source "ChessBase"]
[SourceQuality "1"]
[TimeControl "600+2"]

1. e4 e5 2. Nf3 Nc6 3. Bb5 a6 4. Ba4 Nf6 5. O-O Bc5 6. d3 b5 7. Bb3 d6 8. c3 O-O 9. Nbd2 {[%emt 0:00:05][%cal Bb1d2,Bd2f1,Bf1g3][%mdl 32] C78: Ruy Lopez: Archangelsk and Möller Defences.} Bb6 10. h3 {[%emt 0:00:05] 10.h3 is better than 10.Re1.} Ne7 11. Re1 {[%emt 0:00:17] The position is equal.} Ng6 12. Nf1 h6 13. Ng3 Re8 14. a4 Bb7 15. Nh2 d5 {[%emt 0:01:17] [#]} 16. Qf3 $146 ({Predecessor:} 16. Ng4 Kh7 17. Qf3 Nxg4 18. hxg4 Nh4 19. Qe2 Kg8 20. Be3 d4 21. Bd2 dxc3 22. bxc3 {1-0 Ivic,V (2625)-Reuker,J (2435) BL2-Nord 2122 2022 (3.1)}) 16... c5 17. Bc2 Nh4 {[%emt 0:00:50] An uneventful encounter.   Weighted Error Value: White=0.13 (very precise) /Black=0.08 (flawless)} *

[Event "CCT Airthings Masters Play-In 2023"]
[Site "Online"]
[Date "2023.02.03"]
[Round "1"]
[White "Puranik, Abhimanyu"]
[Black "severomorskij"]
[Result "*"]
[ECO "B83"]
[WhiteElo "2596"]
[BlackElo "2491"]
[Annotator "TA"]
[PlyCount "38"]
[EventDate "2023.02.03"]
[EventType "swiss"]
[EventCountry "NET"]
[SourceTitle "playchess.com"]
[Source "ChessBase"]
[SourceQuality "1"]
[TimeControl "600+2"]

1. e4 c5 2. Nf3 e6 3. d4 cxd4 4. Nxd4 Nf6 5. Nc3 Nc6 6. a3 d6 7. Be2 Be7 8. O-O O-O 9. Be3 Bd7 {[%emt 0:00:10] 9...e5 is setting a new trend. B83: Sicilian Scheveningen: 6 Be2, lines without ...a6.} 10. Kh1 Nxd4 11. Qxd4 Bc6 {[%emt 0:00:00] The position is equal.} 12. f4 {[%emt 0:00:08] [#]} Qc7 $146 ({Predecessor:} 12... a6 13. Bf3 Rc8 14. Rad1 Qc7 15. g4 Rfd8 16. g5 d5 17. e5 Ne4 18. Bxe4 dxe4 19. Qc4 b5 {0-1 Pihlajamaki,A-Veingold,A (2425) Espoo We ESK op 1996 (1)}) 13. Qd3 a6 14. Bf3 b5 15. Rae1 Rab8 16. b4 (16. f5 $11) 16... Rbc8 $15 17. Ne2 Ba8 18. Nd4 Qc3 19. Bd2 Qc4 {[%emt 0:00:26] Weighted Error Value: White=0.17 (very precise) /Black=0.11 (very precise)} *

[Event "CCT Airthings Masters Play-In 2023"]
[Site "Online"]
[Date "2023.02.03"]
[Round "1"]
[White "Msb2"]
[Black "GasconJR"]
[Result "1-0"]
[ECO "E92"]
[WhiteElo "2591"]
[BlackElo "2373"]
[Annotator "TA"]
[PlyCount "59"]
[EventDate "2023.02.03"]
[EventType "swiss"]
[EventCountry "NET"]
[SourceTitle "playchess.com"]
[Source "ChessBase"]
[SourceQuality "1"]
[TimeControl "600+2"]

1. d4 Nf6 2. c4 g6 3. Nc3 Bg7 4. e4 d6 5. Nf3 O-O 6. Be2 e5 7. Be3 exd4 8. Nxd4 Re8 9. f3 c6 10. Qd2 d5 11. exd5 cxd5 12. O-O Nc6 13. Rad1 Nxd4 14. Bxd4 dxc4 15. Bxc4 Be6 {[%emt 0:00:24] E92: King's Indian: Classical: 6 Be2 e5: 7 dxe5, 7 Be3 and Petrosian System without 7...Nbd7.} 16. Bb5 Re7 (16... Rf8 $1 $11) 17. Qf2 $16 {[%emt 0:00:02] [#] And now Bxf6 would win. White is more active.} Qa5 $2 (17... Rc7 $16) 18. Qh4 $18 Rc7 19. Bxf6 Rxc3 {[%emt 0:00:01] [#] Black got outplayed after the opening.   Weighted Error Value: White=0.00 (flawless) /Black=0.77} {Predecessor:} 20. Bxc3 $146 Bxc3 21. bxc3 Qxb5 22. Rd8+ Rxd8 23. Qxd8+ Kg7 24. Qd4+ Kg8 25. Qxa7 b6 26. Qa8+ Kg7 27. Qa3 Qe2 28. Ra1 b5 29. Qa7 h5 30. Qf2 {1-0 Stojanovic,M (2355)-Carnic,S (2320) YUG-ch sf Nis 1995} 1-0